 Dungeon Crawl Stone Soup version 0.27.0-1-g7a089689b8 (webtiles) character file.

Game seed: 11312398720537251975

504 Sin92 the Skirmisher (level 6, -8/72 HPs)
             Began as a Demonspawn Fighter on Aug 10, 2021.
             Mangled by a gnoll (12 damage)
             ... on level 4 of the Dungeon.
             The game lasted 00:04:11 (2760 turns).

Sin92 the Skirmisher (Demonspawn Fighter)           Turns: 2760, Time: 00:04:12

Health: -8/72      AC: 17    Str: 15 (18) XL:     6   Next: 96%
Magic:  6/6        EV:  7    Int:  9      God:
Gold:   127        SH:  8    Dex: 10 (13) Spells: 5/5 levels left

rFire    . . .     SeeInvis .   i - +5 falchion (vorpal)
rCold    . . .     Faith    .   c - +0 kite shield
rNeg     . . .     Spirit   .   b - +0 scale mail
rPois    .         Reflect  .   j - +0 helmet
rElec    .         Harm     .   (no cloak)
rCorr    .         Rampage  .   (no gloves)
Will     .....                  (no boots)
Stlth    ..........             (no amulet)
HPRegen  0.22/turn              (no ring)
MPRegen  0.10/turn              (no ring)

@: berserking (expiring), lethally poisoned (-8 -> -17), sanguine armoured,
flying, very quick
A: spiny 1, sanguine armour 2
a: no special abilities


You were on level 4 of the Dungeon.
You visited 1 branch of the dungeon, and saw 4 of its levels.

You collected 127 gold pieces.

Inventory:

Hand Weapons
 a - a +0 war axe
 i - a +5 vorpal falchion (weapon)
 t - a +2 vorpal war axe
Armour
 b - a +0 scale mail (worn)
 c - a +0 kite shield (worn)
 j - a +0 helmet (worn)
 q - a +0 hat
Jewellery
 k - an amulet of faith
Scrolls
 g - a scroll of fear {unknown}
 n - a scroll of amnesia {unknown}
 o - a scroll of identify {unknown}
 r - a scroll of enchant armour {unknown}
 s - a scroll of teleportation {unknown}
 u - a scroll of magic mapping {unknown}
Potions
 d - a potion of might
 l - a potion of curing {unknown}
 m - a potion of degeneration


   Skills:
 + Level 4.2 Fighting
 + Level 2.8 Long Blades
 + Level 2.7 Axes
 + Level 3.7 Armour
 + Level 2.5 Dodging
 + Level 3.8 Shields


You had 5 spell levels left.
You didn't know any spells.
Your spell library was empty.

Dungeon Overview and Level Annotations

Branches:
Dungeon (4/15)
 Temple: D:4-7

Altars:
Makhleb
Sif Muna
Xom


Innate Abilities, Weirdness & Mutations

You are partially covered in sharp spines.
When seriously injured, your bleeding wounds create thick armour. (AC +9)


Message History

The gnoll hits you but does no damage.
The gnoll sergeant is struck by your spines.
The gnoll sergeant hits you with a +1 spear of venom.
You are lethally poisoned!
You slash the gnoll sergeant!
The gnoll sergeant is almost dead.
You feel extremely sick. The gnoll barely misses you.
You block the gnoll's attack. You block the gnoll sergeant's attack.
Unknown command.
You barely miss the gnoll sergeant.
The gnoll sergeant is almost dead.
* * * LOW HITPOINT WARNING * * *
You feel very sick. You block the gnoll's attack.
You block the gnoll sergeant's attack. The gnoll hits you but does no damage.
Unknown command.
You slash the gnoll sergeant!
You kill the gnoll sergeant!
* * * LOW HITPOINT WARNING * * *
You feel very sick.
The gnoll hits you but does no damage. x2
Unknown command.
You slice the gnoll!!
You kill the gnoll!
* * * LOW HITPOINT WARNING * * *
You feel very sick. The gnoll hits you but does no damage.
You block the gnoll's attack.
You feel your intelligence returning.
Unknown command.
* * * LOW HITPOINT WARNING * * *
You feel sick. The gnoll is struck by your spines. The gnoll barely misses you.
There is an open door, spattered with blood here.
Items here: )))) [ †††.
You slash the gnoll!
You kill the gnoll!
* * * LOW HITPOINT WARNING * * *
You feel very sick. The gnoll is struck by your spines.
The gnoll hits you with a +0 halberd!
You die...

#.. #.. #..#...#.......
#...#..##..#...#.......
...#......#...#.......
..............#....##.
#.#.#....#...........
####.#§§.##.#.#.#....#..
...≈≈≈§.§§≈≈....>....#.#
#.#≈##§§§##≈.........#.#
# ##@###≈..#.#....#.#
#§§g#≈≈............
#.§§#≈≈.##.#.####.#
#.).#≈≈.##......#.#
######≈.....)...#.#
≈##≈.........#.#
≈≈≈≈............
......†......#.#
.............#.#


You could see a gnoll.

Vanquished Creatures
  An ogre (D:3)
  A centaur (D:3)
  A gnoll sergeant (D:4)
  A crimson imp (D:3)
  A bullfrog skeleton (D:4)
  A hound (D:3)
  A hound zombie (D:3)
  Robin (D:2)
  4 gnolls (D:4)
  2 adders (D:2)
  3 worms
  4 dart slugs
  8 orcs (D:3)
  8 ball pythons
  6 endoplasms
  3 giant cockroaches
  12 goblins
  7 hobgoblins
  10 jackals
  10 kobolds
  A quokka (D:2)
  4 bats
  4 frilled lizards
  4 rats (D:3)
98 creatures vanquished.

Notes
Turn   | Place    | Note
-------+----------+-------------------------------------------
     0 | D:1      | Sin92 the Demonspawn Fighter began the quest for the Orb.
     0 | D:1      | Reached XP level 1. HP: 18/18 MP: 1/1
   104 | D:1      | Found a faded altar of an unknown god.
   261 | D:1      | Gained mutation: You are partially covered in sharp spines.
                  | [demonic ancestry]
   261 | D:1      | Reached XP level 2. HP: 24/24 MP: 2/2
   403 | D:1      | You fall into a shaft and drop 1 floor!
   700 | D:2      | Gained mutation: When seriously injured, your bleeding
                  | wounds create armour. (AC +9) [demonic ancestry]
   700 | D:2      | Reached XP level 3. HP: 29/29 MP: 3/3
   751 | D:2      | Noticed Robin
   788 | D:2      | Killed Robin
   789 | D:2      | Reached skill level 1 in Dodging
   994 | D:2      | Gained mutation: When seriously injured, your bleeding
                  | wounds create thick armour. (AC +9) [demonic ancestry]
   994 | D:2      | Reached XP level 4. HP: 34/35 MP: 4/4
  1631 | D:3      | Reached skill level 1 in Long Blades
  1860 | D:3      | Noticed an ogre
  1867 | D:3      | Killed an ogre
  1868 | D:3      | Reached XP level 5. HP: 28/42 MP: 5/5
  1989 | D:3      | Noticed a centaur
  1997 | D:3      | Killed a centaur
  1998 | D:3      | Reached XP level 6. HP: 27/48 MP: 6/6
  2144 | D:3      | Reached skill level 4 in Fighting
  2314 | D:3      | Found a shimmering altar of Xom.
  2315 | D:3      | Found a burning altar of Makhleb.
  2376 | D:3      | Found a shimmering blue altar of Sif Muna.
  2760 | D:4      | Mangled by a gnoll

Illustrated notes

Levels and vault maps discovered:
D:1:      heliophobic_arrival_dark_side_of_the_moon, layout_basic,
          shapermc_ecumenical_altar_venn
D:2:      layout_basic, hangedman_decor_points, st_stairs_12, uniq_robin
D:3:      minmay_octagon_keep, layout_rooms,
          grunt_temple_overflow_champion_of_chaos, lemuel_crystal_altar,
          serial_glass, glass_columns_a, glass_columns_b,
          minmay_strange_pillars, minmay_strange_pillars, due_unseen_surprise
D:4:      layout_basic, minmay_temple_entry_crystal_x, lightli_minifort

Skill      XL: |  1  2  3  4  5  6 |
---------------+-------------------+-----
Axes           | 2 |  2.7
Shields        | 3 |  3.8
Armour         | 3 |  3.7
Dodging        | 1 2 |  2.5
Long Blades    | 1 2 |  2.8
Fighting       | 4 |  4.2

Action                   |  1- 3 |  4- 6 || total
-------------------------+-------+-------++-------
Melee: War axe           |    57 |       ||    57
       Falchion          |    11 |   104 ||   115
  Use: Potion            |       |     4 ||     4
       Scroll            |       |     1 ||     1
Armor: Scale mail        |    29 |    52 ||    81
Dodge: Dodged            |    24 |    37 ||    61
Block: Kite shield       |    38 |    71 ||   109
       Rpst.: Falchion   |     2 |     7 ||     9
